 Dungeon Crawl Stone Soup version 0.25-a0-294-gea9b1ad378 (webtiles) character file.

Game seed: 10927279140181286475, levelgen mode: deterministic

6507 Gargoyl the Cleaver (level 10, -1/124 HPs)
             Began as a Centaur Abyssal Knight on Dec 16, 2019.
             Was a High Priest of Lugonu.
             Slain by a wraith (8 damage)
             ... led by Josephine
             ... on level 10 of the Dungeon on Dec 17, 2019.
             The game lasted 00:15:34 (8547 turns).

Gargoyl the Cleaver (Centaur Abyssal Knight)        Turns: 8547, Time: 00:15:35

Health: -1/124     AC: 22    Str: 25    XL:     10   Next: 69%
Magic:  15/15      EV:  6    Int: 15    God:    Lugonu [*****.]
Gold:   397        SH: 13    Dex: 11    Spells: 9/9 levels left

rFire    . . .     SeeInvis +   b - +2 war axe
rCold    . . .     Gourm    .   u - +4 shield of Zuzoor {*Contam rPois Int+2 SInv}
rNeg     + . .     Faith    .   e - +9 chain mail "Koabileb" {Regen+}
rPois    +         Spirit   .   (no helmet)
rElec    .         Reflect  .   p - +0 cloak
rCorr    .         Harm     .   f - +2 pair of gloves
MR       .....                  (no barding)
Stlth    ..........             (no amulet)
HPRegen  0.70/turn              n - ring of positive energy
MPRegen  0.14/turn              E - +4 ring of strength

@: mighty, berserking (expiring), lethally poisoned (-1 -> -2), slowed, very
quick
A: large, hooves 3, clever 1, deformed body, speed 2, tough skin 3
a: Depart the Abyss, Bend Space, Banish, Corrupt, Enter the Abyss, Renounce
Religion


You were on level 10 of the Dungeon.
You worshipped Lugonu.
Lugonu was extremely pleased with you.
You were not hungry.

You visited 1 branch of the dungeon, and saw 10 of its levels.
You visited the Abyss 1 time.

You collected 545 gold pieces.
You spent 148 gold pieces at shops.

Inventory:

Hand Weapons
 b - a +2 war axe (weapon)
 m - a +3 hand axe
Missiles
 i - 16 boomerangs (quivered)
Armour
 e - the +9 chain mail "Koabileb" (worn) {Regen+}
   (You found it on level 3 of the Abyss)

   It increases your rate of regeneration.
 f - a +2 pair of gloves (worn)
 p - a +0 cloak (worn)
 u - the +4 shield of Zuzoor (worn) {*Contam rPois Int+2 SInv}
   (You found it on level 5 of the Dungeon)

   It affects your intelligence (+2).
   It protects you from poison.
   It lets you see invisible.
   It causes magical contamination when unequipped.
Jewellery
 n - a ring of positive energy (left hand)
 D - an uncursed ring of protection from fire
 E - a +4 ring of strength (right hand)
Wands
 o - a wand of polymorph (21)
 r - a wand of clouds (7)
 C - a wand of flame (21)
Scrolls
 a - 2 scrolls of remove curse
 d - a scroll of fear
 t - 7 scrolls of teleportation
 w - a scroll of magic mapping
 y - a scroll of holy word
 z - 3 scrolls of blinking
 A - 2 scrolls of identify
Potions
 g - 3 potions of flight
 h - 2 potions of lignification
 j - 2 potions of magic
 k - a potion of might
 l - 2 potions of heal wounds
 q - a potion of mutation
 s - 3 potions of curing
 v - a potion of resistance
 x - 2 potions of agility
Comestibles
 c - 16 rations
 B - 3 chunks of flesh


   Skills:
 + Level 5.9 Fighting
 + Level 8.5 Axes
 + Level 2.8 Throwing
 * Level 5.6 Armour
 * Level 4.6 Dodging
 + Level 2.9 Shields
 * Level 7.6 Invocations


You had 9 spell levels left.
You didn't know any spells.
Your spell library was empty.

Dungeon Overview and Level Annotations

Branches:
Dungeon (10/15)            Temple (0/1) D:5            Lair (0/6) D:10
    Orc: D:9-12

Altars:
Ashenzari
Dithmenos
Hepliaklqana
Kikubaaqudgha
Qazlal
Sif Muna
Trog
Uskayaw

Shops:
D:6 ?*


Innate Abilities, Weirdness & Mutations

You have hooves in place of feet.
Armour fits poorly on your strangely shaped body.
You cover ground very quickly.
You have extremely tough skin. (AC +3)
Your mind is acute. (Int +2)


Message History

* * * LOW HITPOINT WARNING * * *
The wraith closely misses you. The wraith hits you.
* * * LOW HITPOINT WARNING * * *
The wraith hits you!
* * * LOW HITPOINT WARNING * * *
The wraith drains your vigour!
You feel as though you will be slow longer.
You are too berserk!
You closely miss the wraith. You kick the wraith.
The wraith is almost destroyed.
You closely miss the wraith. You hit the wraith but do no damage.
You slash the wraith!
You destroy the wraith!
Lugonu accepts your kill.
You feel sick. The wraith hits you!
* * * LOW HITPOINT WARNING * * *
The wraith drains your vigour!
You feel as though you will be slow longer.
The wraith hits you!
You die...

#.#
##############.#####
#.......#$.........#
#...............#..###
#.....P.PP..P##.#.....
#...P.....P...........
#.....PPP.P.....#.....
#...)W..P.P.PP.....##.
#....@WPP..P.......#
#..PW..P..PP.....###


....PPPPP.PrPPPP...# ....P.PP.PP..PPP...# ##P.....PP.PP.PPPP.#
#..PPP.PP>PPP.P..## ..P.%PPP.)..PPP.P.# #...P..P..PP..P..P# ....PP.PP..†.....###
You could see 3 wraiths and a porcupine.

Vanquished Creatures
  Josephine (D:10)
  A troll (D:9)
  The ghost of Kagalorn the Gusty, an amateur BaAE of Sif Muna (D:4)
  A spriggan (D:7)
  2 wraiths (D:10)
  Sigmund (D:6)
  2 hungry ghosts
  Menkaure (D:5)
  5 porcupines (D:10)
  2 ice beasts
  An orc warrior (D:7)
  4 sky beasts
  2 black bears (D:10)
  7 ogres
  A centaur (D:6)
  A crocodile (D:10)
  A big kobold (D:8)
  4 bullfrogs
  2 scorpions
  A killer bee (D:9)
  A water moccasin skeleton (D:4)
  3 wights (D:6)
  6 howler monkeys
  3 crimson imps
  A quasit (D:9)
  A centaur skeleton (D:6)
  3 hounds
  4 jellies
  2 orc priests
  2 bullfrog skeletons
  3 iguanas
  9 orc wizards
  7 worker ants
  A hound zombie (D:9)
  3 hound skeletons
  3 howler monkey zombies
  15 adders
  7 gnolls
  A shadow imp (D:7)
  2 oozes (D:1)
  An adder zombie (D:6)
  2 adder skeletons
  5 worms
  3 dart slugs
  6 leopard geckos
  24 orcs
  A ball python (D:2)
  8 bats
  7 giant cockroaches
  5 hobgoblins
  8 jackals
  7 quokkas
  7 frilled lizards
  A giant cockroach zombie (D:6)
  9 goblins
  A jackal skeleton (D:5)
  15 kobolds
  A leopard gecko skeleton (D:9)
  12 rats
  3 fungi (D:10)
  3 plants (D:10)
247 creatures vanquished.

Vanquished Creatures (others)
  4 fungi (D:10)
  4 plants (D:10)
8 creatures vanquished.

Grand Total: 255 creatures vanquished

Notes
Turn   | Place    | Note
-------+----------+-------------------------------------------
     0 | Abyss:1  | Gargoyl the Centaur Abyssal Knight began the quest for the
                  | Orb.
     0 | Abyss:1  | Reached XP level 1. HP: 19/19 MP: 2/2
    34 | Abyss:1  | Noticed a blink frog
    65 | Abyss:3  | Got a pitted chain mail
    76 | Abyss:3  | Identified the +9 chain mail "Koabileb" {Regen+} (You found
                  | it on level 3 of the Abyss)
   120 | Abyss:3  | Found a corrupted altar of Lugonu.
   158 | Abyss:3  | Noticed a blink frog
   162 | Abyss:3  | Noticed a raiju
   163 | D:1      | Escaped the Abyss
   400 | D:1      | Reached XP level 2. HP: 26/26 MP: 3/3
   477 | D:1      | Reached * piety under Lugonu
   513 | D:1      | Reached skill level 1 in Dodging
   554 | D:1      | Reached skill level 2 in Axes
   580 | D:1      | Reached XP level 3. HP: 31/31 MP: 4/4
  1049 | D:2      | Reached XP level 4. HP: 35/39 MP: 5/5
  1434 | D:2      | Reached ** piety under Lugonu
  1961 | D:3      | You fall into a shaft and drop 3 floors!
  1966 | D:6      | Got a polished ring mail
  1975 | D:6      | Identified the +1 ring mail of the Lair of Beasts {rC+ MR-
                  | rCorr Dex+5} (You found it on level 6 of the Dungeon)
  1981 | D:6      | Found Dukkol's Elemental Accessories.
  2005 | D:6      | Reached skill level 3 in Axes
  2005 | D:6      | Reached XP level 5. HP: 46/46 MP: 7/7
  2031 | D:6      | Reached *** piety under Lugonu
  2037 | D:6      | Reached XP level 6. HP: 52/52 MP: 8/8
  2191 | D:6      | Reached skill level 1 in Throwing
  2244 | D:6      | Reached skill level 4 in Axes
  2269 | D:6      | Reached XP level 7. HP: 55/59 MP: 9/9
  2308 | D:5      | Entered Level 5 of the Dungeon
  2371 | D:5      | Found a staircase to the Ecumenical Temple.
  2455 | D:5      | Noticed Menkaure
  2465 | D:5      | Killed Menkaure
  3053 | D:3      | Found a hazy altar of Hepliaklqana.
  3345 | D:4      | Reached skill level 5 in Axes
  3400 | D:4      | Reached XP level 8. HP: 61/67 MP: 11/11
  3405 | D:4      | Reached **** piety under Lugonu
  4061 | D:4      | Found a runed translucent door.
  4062 | D:4      | Noticed Kagalorn's ghost (amateur BaAE)
  4265 | D:4      | Killed Kagalorn's ghost
  4499 | D:5      | Got a brightly glowing shield
  4512 | D:5      | Identified the +4 shield of Zuzoor {*Contam rPois Int+2
                  | SInv} (You found it on level 5 of the Dungeon)
  4554 | D:5      | Found a shadowy altar of Dithmenos.
  4569 | D:5      | Reached skill level 5 in Invocations
  4625 | D:5      | Reached skill level 6 in Axes
  4822 | D:5      | Found a stormy altar of Qazlal.
  4960 | D:6      | Found Gacsuis's Magic Scroll Shoppe.
  4965 | D:6      | Bought a scroll of teleportation for 33 gold pieces
  4965 | D:6      | Bought a scroll of teleportation for 33 gold pieces
  4965 | D:6      | Bought a scroll of holy word for 82 gold pieces
  5089 | D:6      | Found an ancient bone altar of Kikubaaqudgha.
  5089 | D:6      | Found a shimmering blue altar of Sif Muna.
  5198 | D:6      | Found a bloodstained altar of Trog.
  5199 | D:6      | Found a hide-covered altar of Uskayaw.
  5325 | D:6      | Noticed Sigmund
  5338 | D:6      | Killed Sigmund
  5338 | D:6      | Reached XP level 9. HP: 73/73 MP: 13/13
  5856 | D:7      | Found the +2 robe of Vines {NoPotionHeal Regen+7}
  5864 | D:7      | Reached skill level 5 in Fighting
  5920 | D:7      | Reached skill level 1 in Shields
  5945 | D:7      | Reached ***** piety under Lugonu
  5945 | D:7      | Reached skill level 7 in Axes
  6592 | D:8      | Gained mutation: Your muscles are strong. (Str +2) [potion
                  | of mutation]
  6592 | D:8      | Gained mutation: Your mind is acute. (Int +2) [potion of
                  | mutation]
  6592 | D:8      | Gained mutation: Your flesh is cold resistant. (rC+)
                  | [potion of mutation]
  6593 | D:8      | Lost mutation: Your mind is acute. (Int +2) [potion of
                  | mutation]
  6593 | D:8      | Lost mutation: Your flesh is cold resistant. (rC+) [potion
                  | of mutation]
  6593 | D:8      | Lost mutation: Your muscles are strong. (Str +2) [potion of
                  | mutation]
  6593 | D:8      | Gained mutation: Your mind is acute. (Int +2) [potion of
                  | mutation]
  6593 | D:8      | Gained mutation: You tend to lose your temper in combat.
                  | [potion of mutation]
  6593 | D:8      | Lost mutation: You tend to lose your temper in combat.
                  | [potion of mutation]
  7527 | D:8      | Reached XP level 10. HP: 59/81 MP: 15/15
  7840 | D:9      | Found a shattered altar of Ashenzari.
  7964 | D:9      | Reached skill level 5 in Armour
  8392 | D:10     | Entered Level 10 of the Dungeon
  8404 | D:9      | Reached skill level 8 in Axes
  8428 | D:10     | Found a staircase to the Lair.
  8525 | D:10     | Noticed Josephine
  8545 | D:10     | Killed Josephine
  8547 | D:10     | Slain by a wraith

Levels and vault maps discovered:
D:1:      dpeg_arrival_court, layout_rooms, chequers_serial_rivers_micro_d,
          minmay_small_reverse_x
D:2:      layout_basic, minmay_distorted
D:3:      layout_rooms, nicolae_overflow_crystal_walls, first_ration
D:4:      layout_cave_pods, gammafunk_ghost_grave
D:5:      layout_basic, kennysheep_mini, nicolae_dithmenos_the_darkroom,
          minmay_temple_entry_antechambers, serial_bayou_pond_d,
          chequers_serial_rivers_small_a, chequers_serial_rivers_marsh,
          uniq_menkaure
D:6:      layout_basic, grunt_temple_overflow_open,
          gammafunk_temple_overflow_pools, serial_shops, kennysheep_little_box,
          hangedman_glass_garden, nicolae_elemental_shop, grunt_ministairs_4,
          uniq_sigmund
D:7:      layout_gridville, the_bakery
D:8:      layout_layer_cave, kennysheep_generic_room_3
D:9:      layout_rooms, cheibrodos_ashenzari_chains, minmay_increasing_density
D:10:     layout_loops_cross, due_lair_maze_entry_diamond,
          hangedman_abyss_or_decor_jellyfish_corner, uniq_josephine

Skill      XL: |  1  2  3  4  5  6  7  8  9 10 |
---------------+-------------------------------+-----
Dodging        | 1 2 3 4 |  4.6
Axes           | 2 3 4 5 6 7 8 |  8.5
Armour         | 2 3 4 5 |  5.6
Invocations    | 3 4 5 6 7 |  7.6
Fighting       | 4 5 |  5.9
Throwing       | 1 2 |  2.8
Shields        | 2 |  2.9

Action                   |  1- 3 |  4- 6 |  7- 9 | 10-12 || total
-------------------------+-------+-------+-------+-------++-------
Melee: Hand axe          |   100 |    55 |       |       ||   155
       Kick              |    16 |    32 |    93 |    35 ||   176
       War axe           |       |   103 |   449 |   135 ||   687
Throw: Boomerang         |       |    18 |     9 |       ||    27
Invok: Depart the Abyss  |     1 |       |       |       ||     1
  Use: Potion            |     1 |     1 |     2 |     2 ||     6
       Scroll            |     7 |     5 |    14 |     2 ||    28
  Eat: Chunk             |       |     3 |    10 |     4 ||    17
       Ration            |       |       |     3 |       ||     3
Armor: Chain mail        |    86 |   110 |   343 |   116 ||   655
       Skin              |       |    41 |       |       ||    41
Dodge: Dodged            |    29 |    40 |    78 |    25 ||   172
Block: Shield            |       |       |   175 |   114 ||   289

Table legend:
 A = Non-vault XP
 B = Vault XP
 C = Vault XP percentage of total XP
 D = Non-vault monster count
 E = Vault monster count
 F = Vault count percentage of total count
                 A         B        C        D         E       F
            +---------+---------+-------+---------+---------+-------
      Total |    5408 |    3888 |  41.8 |     215 |      26 |  10.8
            +---------+---------+-------+---------+---------+-------
        D:1 |      53 |       6 |  10.2 |      25 |       4 |  13.8
        D:2 |      85 |       2 |   2.3 |      31 |       1 |   3.1
        D:3 |     163 |       0 |   0.0 |      24 |       0 |   0.0
        D:4 |     486 |     255 |  34.4 |      17 |       1 |   5.6
        D:5 |     586 |     175 |  23.0 |      22 |       1 |   4.3
        D:6 |     917 |     260 |  22.1 |      23 |       3 |  11.5
        D:7 |    1289 |     224 |  14.8 |      32 |       1 |   3.0
        D:8 |    1028 |       0 |   0.0 |      24 |       0 |   0.0
        D:9 |     798 |     394 |  33.1 |      16 |       4 |  20.0
       D:10 |       3 |    2572 |  99.9 |       1 |      11 |  91.7
            +---------+---------+-------+---------+---------+-------
